 Dungeon Crawl Stone Soup version 0.30.0 (webtiles) character file.

Game seed: 8361678419118423563

16 mezmerelda the Ogre Mage (level 2, -1/24 HPs)
             Began as an Ogre Hedge Wizard on Aug 31, 2023.
             Slain by an adder (2 damage)
             ... on level 2 of the Dungeon.
             The game lasted 00:03:21 (1045 turns).

mezmerelda the Ogre Mage (Ogre Hedge Wizard)        Turns: 1045, Time: 00:03:21

Health: -1/24      AC:  3    Str: 13    XL:     2   Next: 54%
Magic:  2/6        EV:  9    Int: 15    God:
Gold:   79         SH:  0    Dex:  8    Spells: 4/8 levels left

rFire   . . .        a - +0 dagger
rCold   . . .        (no shield)
rNeg    . . .        b - +0 robe
rPois   .            c - +0 hat
rElec   .            (no cloak)
rCorr   .            (gloves unavailable)
SInv    .            (boots unavailable)
Will    .....        (no amulet)
Stlth   +            (no ring)
HPRegen 0.24/turn    (no ring)
MPRegen 0.10/turn

%: no passive effects
@: lethally poisoned (-1 -> -4)
A: large, unfitting armour, tough skin 1
a: no special abilities


You were on level 2 of the Dungeon.
You visited 1 branch of the dungeon, and saw 3 of its levels.

You collected 79 gold pieces.

Inventory:

Hand Weapons
 a - a +0 dagger (weapon)
Armour
 b - a +0 robe (worn)
 c - a +0 hat (worn)
Scrolls
 f - a scroll of amnesia {unknown}
 g - a scroll of immolation {unknown}
Potions
 d - a potion of magic


   Skills:
 + Level 2.0 Dodging
 + Level 1.5 Stealth
 + Level 3.7 Spellcasting
 + Level 1.2 Conjurations
 + Level 1.1 Summonings
 + Level 1.1 Translocations


You had 4 spell levels left.
You knew the following spells:

 Your Spells              Type           Power      Damage    Failure   Level
b - Blink                 Tloc           12%        N/A       17%         2
d - Magic Dart            Conj           24%        1d4       12%         1
s - Slow                  Hex            8%         N/A       19%         1

Your spell library contained the following spells:

 Spells                   Type           Power      Damage    Failure   Level
 Call Imp                 Summ           12%        N/A       17%         2
 Cigotuvi's Dreadful Rot  Necr/Pois/Air  4%         N/A       28%         2
 Mephitic Cloud           Conj/Pois/Air  4%         N/A       43%         3


Dungeon Overview and Level Annotations

Branches:
Dungeon (3/15)

Altars:


Innate Abilities, Weirdness & Mutations

You are too large for most types of armour.
You have tough skin. (AC +1)


Message History

Press: ? - help, Shift-Dir - straight line, f/p - adder
Aim: an adder (100% to hit)
The magic dart hits the adder.
The adder is lightly wounded.
You feel sick. The adder bites you.
* * * LOW HITPOINT WARNING * * *
The adder barely misses you.
You hit the adder.
The adder is moderately wounded.
You feel sick.
You are no longer poisoned.
The adder closely misses you.
It was a potion of curing.
You feel better. The adder bites you but does no damage.
You hit the adder.
The adder is heavily wounded.
The adder bites you. The adder bites you but does no damage.
Casting: Magic Dart (safe; 12% risk of failure)
Confirm with . or Enter, or press ? or * to list all spells.
Aiming: Slow (safe; 19% risk of failure)
Press: ? - help, Shift-Dir - straight line, f/p - adder
Aim: an adder (heavily wounded, chance to affect: 44%)
The adder resists with some effort.
The adder bites you.
* * * LOW HITPOINT WARNING * * *
The adder bites you.
* * * LOW HITPOINT WARNING * * *
You are lethally poisoned!
The adder poisons you!
There is a stone staircase leading up here.
You hit the adder.
The adder is severely wounded.
* * * LOW HITPOINT WARNING * * *
You feel sick. The adder bites you.
* * * LOW HITPOINT WARNING * * *
You closely miss the adder.
The adder is severely wounded.
* * * LOW HITPOINT WARNING * * *
You feel sick. The adder bites you.
You die...

#####.#.#..
....#.#...
#.....#..
#.....#
#..>##########
#............###
########.......#
#.........#S#.#
#.#####.#..@# #
#.#.....#...#
#.#.#####...#
#.#.#....<).#
#.#.#....)#.#
#.#.#####.#.#
#.#.......#.#
#...........#
#############


You could see an adder.

Vanquished Creatures
  An endoplasm (D:1)
  5 goblins
  2 hobgoblins (D:1)
  A kobold (D:1)
  A quokka (D:2)
  A ball python (D:1)
  2 bats (D:1)
  A frilled lizard (D:1)
  A rat (D:1)
15 creatures vanquished.

Notes
Turn   | Place    | Note
-------+----------+-------------------------------------------
     0 | D:1      | mezmerelda the Ogre Hedge Wizard began the quest for the
                  | Orb.
     0 | D:1      | Reached XP level 1. HP: 16/16 MP: 5/5
    62 | D:1      | Reached skill level 1 in Summonings
    63 | D:1      | Reached skill level 1 in Conjurations
   155 | D:1      | Reached skill level 1 in Translocations
   187 | D:1      | Reached XP level 2. HP: 10/24 MP: 6/6
   741 | D:1      | Learned a level 1 spell: Slow
   744 | D:1      | Learned a level 2 spell: Blink
  1045 | D:2      | HP: 1/24 [poisoned by an adder]
  1045 | D:2      | Slain by an adder

Illustrated notes

Levels and vault maps discovered:
D:1:      lemuel_arrival_muddy, layout_loops_ring
D:2:      cheibrodos_greedy_goblins, layout_basic,
          shapermc_ecumenical_altar_flowoftime, chequers_hall_statues_wall_a,
          guppyfry_early_orc_mine, uniq_robin
D:3:      cheibrodos_old_hovel, layout_basic, kennysheep_slug_shrine,
          mainiacjoe_overflow_brackets, ebering_ghost_sewer_f,
          corexii_item_surrounded_by_moat

Skill      XL: |  1  2 |
---------------+-------+-----
Summonings     | 1 |  1.1
Conjurations   | 1 |  1.2
Translocations | 1 |  1.1
Dodging        | 2 |  2.0
Stealth        | |  1.5
Spellcasting   | |  3.7

Action                     || total
---------------------------++-------
  Melee: Dagger            ||   102
         Punch             ||     2
   Cast: Slow              ||     4
         Magic Dart        ||     1
    Use: Potion            ||     1
   Stab: Sleeping          ||     1
 Armour: Robe              ||    31
  Dodge: Dodged            ||    37
